 Dungeon Sprint DCSS version 0.30.1-5-ged363bc7ee (webtiles) character file.

Game seed: 17044381844059404228

37 Heoruswealwe the Trooper (level 3, -6/27 HPs)
             Began as a Gargoyle Fighter on Sept 19, 2023.
             Was a Believer of Qazlal.
             Splashed by a jelly's acid (8 damage)
             ... in the Dungeon (Sprint V: "Ziggurat Sprint").
             The game lasted 00:09:50 (172 turns).

Heoruswealwe the Trooper (Gargoyle Fighter)          Turns: 172, Time: 00:09:53

Health: -6/27      AC: 23    Str: 33    XL:     3   Next: 41%
Magic:  3/3        EV:  6    Int:  8    God:    Qazlal [**....]
Gold:   0          SH:  2    Dex:  9    Spells: 2/2 levels left

rFire   + . .        a - +10 dark maul {heavy}
rCold   + . .        (shield currently unavailable)
rNeg    + . .        c - +5 gold dragon scales
rPois   ∞            (no helmet)
rElec   +            (no cloak)
rCorr   .            (no gloves)
SInv    .            (no boots)
Will    .....        (no amulet) Stlth
                     k - +6 ring of strength
HPRegen 0.24/turn    j - +6 ring of strength
MPRegen 0.08/turn

%: no teleportation
@: no status effects
A: sickness immunity, AC +3, negative energy resistance 1, electricity
resistance, torment resistance 1, petrification resistance
a: Renounce Religion, Upheaval


You were in the Dungeon.
You worshipped Qazlal.
Qazlal was pleased with you.
You visited 1 branch

Inventory:

Hand Weapons
 a - the +10 dark maul (weapon) {heavy}
   (You found it in the Dungeon)
 b - the +7 great mace "Firestarter" {flame, immolate, rFlCloud rF++}
   (You found it in the Dungeon)

   rFlCloud:  It grants immunity to clouds of flame.
   rF:        It greatly protects you from fire.
 l - the +6 shillelagh "Devastator" {shatter}
   (You found it in the Dungeon)
 m - a +5 demon whip
Armour
 c - +5 gold dragon scales (worn)
 d - the +18 shield of the Gong {Loud rN+ Will+ rCorr EV-5}
   (You found it in the Dungeon)

   Loud:      It is deafeningly noisy when blocking attacks.
   EV:        It affects your evasion (-5).
   rN:        It protects you from negative energy.
   rCorr:     It protects you from acid and corrosion.
   Will:      It increases your willpower.
 n - the +15 Maxwell's patent armour {-Cast -Tele rElec Will+ rCorr}
   (You found it in the Dungeon)

   rElec:     It insulates you from electricity.
   -Cast:     It prevents spellcasting.
   -Tele:     It prevents most forms of teleportation.
   rCorr:     It protects you from acid and corrosion.
   Will:      It increases your willpower.
Jewellery
 j - a +6 ring of strength (right hand)
 k - a +6 ring of strength (left hand)
Scrolls
 B - 4 scrolls of blinking
Potions
 e - 10 potions of curing
 f - 10 potions of heal wounds
 g - 6 potions of haste
 i - 3 potions of berserk rage
 A - 2 potions of invisibility
 E - 4 potions of resistance
 F - 6 potions of might
Miscellaneous
 h - a piece from Xom's chessboard (15/15)
 o - a lightning rod (4/4)


   Skills:
 + Level 5.7 Fighting
 + Level 4.6 Maces & Flails
 + Level 5.7 Armour
 + Level 5.7 Shields


You had 2 spell levels left.
You didn't know any spells.
Your spell library contained the following spells:

 Spells                   Type           Power      Damage    Failure   Level
 Portal Projectile        Hex/Tloc       0%         N/A       100%        3
 Summon Forest            Summ/Tloc      0%         N/A       100%        5
 Disjunction              Tloc           0%         N/A       100%        8


Dungeon Overview and Level Annotations

Branches:
Dungeon (1/1)

Altars:
Ashenzari
Cheibriados
Dithmenos
Elyvilon
Fedhas
Gozag
Hepliaklqana
Kikubaaqudgha
Makhleb
Nemelex Xobeh
Okawaru
Qazlal
Ru
Sif Muna
Trog
Uskayaw
Vehumet
Wu Jian
Xom
Yredelemnul
Zin
The Shining One
Jiyva
Lugonu

Annotations:
D 1 transporter


Innate Abilities, Weirdness & Mutations

You are immune to sickness and miasma.
Your stone body is resilient. (AC +3)
You are immune to poison.
You resist negative energy. (rN+)
You are resistant to electric shocks. (rElec)
You are resistant to unholy torment.
You are immune to petrification.


Message History

You destroy the mummy!
Qazlal accepts your kill.
The mummy is engulfed in freezing vapours.
The mummy barely misses you.
The mummy is engulfed in freezing vapours.
The mummy barely misses you.
You have reached level 3!
Your experience leads to an increase in your attributes!
Your base attributes are Str 19, Int 8, Dex 9.
Increase (S)trength, (I)ntelligence, or (D)exterity?
You feel stronger. x2
You flatten the mummy like a pancake!!!!
You destroy the mummy!
Qazlal accepts your kill.
You see here a staff of earth.
You see here a piece from Xom's chessboard (15/15).
h - a piece from Xom's chessboard (15/15)
You see here a lightning rod (4/4).
o - a lightning rod (4/4)
There is a transporter here.
Welcome to arena 3.
You enter the transporter and appear at another place.
A floating eye, a slime creature and 2 jellies come into view.
The jelly quivers.
The slime creature quivers.
The jelly quivers.
The floating eye seems to glare at you.
Found four items.
Found a transporter.
The jelly jiggles.
You bludgeon the floating eye!!
You kill the floating eye!
Qazlal accepts your kill.
You can now call upon nature to destroy your foes.
The jelly hits you.
You are splashed with acid!
The slime creature hits you but does no damage.
The jelly hits you.
You are splashed with acid!
* * * LOW HITPOINT WARNING * * *
You block the jelly's attack. The jelly hits you but does no damage.
The jelly hits you.
* * * LOW HITPOINT WARNING * * *
You are splashed with acid!
You die...

▓▓▓▓▓▓▓▓▓▓▓▓▓▓▓▓▓▓▓
▓.8©8.▓.8©8.▓.8©8.▓
▓.[=}.▓.|...▓.....▓
▓..?..▓.....▓...[.▓
▓.....▓.....▓.....▓
▓.....▓.....▓.))..▓
▓.JJJ.▓.....▓..©..▓
▓..@..▓..©..▓▓▓▓▓▓▓
▓▓▓▓▓▓▓▓▓▓▓▓▓


You could see a slime creature and 2 jellies.

Vanquished Creatures
  A floating eye (D)
  2 mummies (D)
  2 orcs (D)
  A bat zombie (D)
6 creatures vanquished.

Notes
Turn   | Place    | Note
-------+----------+-------------------------------------------
     0 | D        | Heoruswealwe the Gargoyle Fighter began the quest for the
                  | Orb.
     0 | D        | Reached XP level 1. HP: 14/14 MP: 1/1
     3 | D        | Found a blossoming altar of Fedhas.
     3 | D        | Found the +6 Majin-Bo {spellvamp, MP+6 Int+6}
     3 | D        | Found the +27 heavy crossbow "Sniper" {heavy, Acc+∞ SInv}
     3 | D        | Found the +10 dark maul {heavy}
     3 | D        | Found the +15 Maxwell's patent armour {-Cast -Tele rElec
                  | Will+ rCorr}
     3 | D        | Found the +18 shield of the Gong {Loud rN+ Will+ rCorr
                  | EV-5}
     3 | D        | Found the +16 obsidian axe {drain, demonic, Mesm Drain Fly
                  | SInv}
     3 | D        | Found the +7 great mace "Firestarter" {flame, immolate,
                  | rFlCloud rF++}
     3 | D        | Found the +6 shillelagh "Devastator" {shatter}
     3 | D        | Found the +11 plutonium sword {Contam Stlth-}
     3 | D        | Found the +8 lance "Wyrmbane" {slay drac, rPois rF+ rC+
                  | AC+3}
     3 | D        | Found the +9 sword of Zonguldrok {reap}
     3 | D        | Found the +13 scythe of Curses {drain, curses, Drain}
     3 | D        | Found the +9 sword of Power {lifebolt}
     3 | D        | Found the +7 mace of Variability {chaos, chaos arc}
     3 | D        | Found the +11 Singing Sword {sonic wave}
     3 | D        | Found the +8 storm bow {elec, penet}
     6 | D        | Found a viscous altar of Jiyva.
     6 | D        | Found a hazy altar of Hepliaklqana.
     6 | D        | Found a transporter.
     6 | D        | Found an opulent altar of Gozag.
     6 | D        | Found an ancient bone altar of Kikubaaqudgha.
     6 | D        | Found a corrupted altar of Lugonu.
    17 | D        | Found a shimmering blue altar of Sif Muna.
    17 | D        | Found a sacrificial altar of Ru.
    17 | D        | Found a bloodstained altar of Trog.
    17 | D        | Found a stormy altar of Qazlal.
    17 | D        | Found an iron altar of Okawaru.
    17 | D        | Found a sparkling altar of Nemelex Xobeh.
    19 | D        | Found a burning altar of Makhleb.
    49 | D        | Became a worshipper of Qazlal Stormbringer
    57 | D        | Reached skill level 5 in Fighting
    57 | D        | Reached skill level 5 in Armour
    57 | D        | Reached skill level 5 in Shields
    57 | D        | Reached XP level 2. HP: 21/21 MP: 2/2
   139 | D        | Entered arena 2.
   139 | D        | Found a transporter.
   147 | D        | Got the Tome of the Unified Geodesic
   152 | D        | Entered arena 3.
   152 | D        | Found a transporter.
   155 | D        | Reached * piety under Qazlal
   157 | D        | Reached XP level 3. HP: 26/26 MP: 3/3
   168 | D        | Entered arena 4.
   168 | D        | Noticed a floating eye
   168 | D        | Noticed a slime creature
   168 | D        | Found a transporter.
   172 | D        | Killed a floating eye
   172 | D        | Reached ** piety under Qazlal
   172 | D        | Splashed by a jelly's acid

Illustrated notes

Levels and vault maps discovered:
D:        sprint_v [room_start, room_1, room_2, room_3, room_4, room_5, room_6,
          room_7, room_8, room_9, room_10, room_11, room_12, room_13, room_14,
          room_15, room_16, room_17, room_18, room_19, room_20, room_21,
          room_22, room_23, room_24, room_25, room_26, room_27]

Skill      XL: |  1 |
---------------+----+-----
Fighting       | 5 |  5.7
Maces & Flails | 4 |  4.6
Armour         | 5 |  5.7
Shields        | 5 |  5.7

Action                     || total
---------------------------++-------
  Melee: Maul              ||     7
    Use: Potion            ||     1
 Armour: Gold dragon scale ||    13
  Dodge: Dodged            ||     5
  Block: Other             ||     1
